 Dungeon Crawl Stone Soup version 0.31-a0-1074-g0b22e4e0f1 (webtiles) character file.

Game seed: 12561353166476647169

346 Curundu the Chopper (level 6, -3/53 HPs)
             Began as a Draconian Berserker on Dec 1, 2023.
             Was a Priest of Trog.
             Slain by an orc
             ... wielding a +0 hand axe
              (4 damage)
             ... on level 4 of the Dungeon.
             The game lasted 00:19:30 (3498 turns).

Curundu the Chopper (Draconian Berserker)           Turns: 3498, Time: 00:19:32

Health: -3/53      AC:  6    Str: 19    XL:     6   Next: 32%
Magic:  6/6        EV: 13    Int:  8    God:    Trog [***...]
Gold:   159        SH:  0    Dex: 12    Spells: 5/5 levels left

rFire   + . .        a - +0 hand axe
rCold   . . .        (no shield)
rNeg    . . .        (body armour unavailable)
rPois   .            (helmet restricted)
rElec   .            (no cloak)
rCorr   .            (no gloves)
SInv    .            (no boots)
Will    .....        g - amulet of the acrobat
Stlth   ++           d - ring of protection from fire
HPRegen 0.28/turn    (no ring)
MPRegen 0.10/turn

%: acrobat
@: no status effects
A: AC +6, unfitting armour, cold-blooded
a: Renounce Religion, Berserk, Trog's Hand


You were on level 4 of the Dungeon.
You worshipped Trog.
Trog was most pleased with you.
You visited 1 branch of the dungeon, and saw 4 of its levels.

You collected 159 gold pieces.

Inventory:

Hand Weapons
 a - a +0 hand axe (weapon)
Missiles
 h - 32 stones
 j - 24 poisoned darts
 o - 4 boomerangs
Jewellery
 d - a ring of protection from fire (left hand)
 g - an amulet of the acrobat (around neck)
Scrolls
 b - a scroll of amnesia {unknown}
 e - 2 scrolls of teleportation
 f - 2 scrolls of identify
 m - 2 scrolls of fog
 r - a scroll of poison {unknown}
 s - a scroll of enchant weapon
 t - a scroll of torment {unknown}
 u - a scroll of blinking {unknown}
 v - a scroll of vulnerability {unknown}
Potions
 c - a potion of magic
 i - a potion of brilliance {unknown}
 k - a potion of mutation {unknown}
 l - 3 potions of heal wounds {unknown}
 n - 2 potions of enlightenment {unknown}
 p - a potion of attraction {unknown}
 q - 2 potions of lignification {unknown}


   Skills:
 + Level 4.4 Fighting
 + Level 5.3 Axes
 + Level 4.0 Dodging
 + Level 1.6 Stealth


You had 5 spell levels left.
You didn't know any spells.
Your spell library contained the following spells:

 Spells                   Type           Power      Damage    Failure   Level
 Necrotise                Necr           0%         1d4       41%         1
 Summon Small Mammal      Summ           0%         N/A       41%         1
 Call Canine Familiar     Summ           0%         N/A       78%         3
 Summon Guardian Golem    Hex/Summ       0%         N/A       78%         3
 Vampiric Draining        Necr           0%         2d6       78%         3
 Agony                    Necr           0%         N/A       100%        5


Dungeon Overview and Level Annotations

Branches:
Dungeon (4/15)
 Temple: D:4-7

Altars:
Fedhas
Trog


Innate Abilities, Weirdness & Mutations

Your plain brown scales are hard. (AC +6)
You cannot fit into any form of body armour.
You are cold-blooded and may be slowed by cold attacks.


Message History

You see here a hobgoblin corpse.
The scorpion attacks as it pursues you! The scorpion completely misses you.
You completely miss the scorpion.
The orc shouts! x2
The scorpion stings you.
You are poisoned.
The scorpion poisons you!
You closely miss the scorpion.
You feel sick. The scorpion barely misses you.
You hit the scorpion but do no damage. You hit the orc but do no damage.
You feel sick.
The scorpion stings you but does no damage.
A kobold comes into view. It is wielding a +0 hand axe.
The scorpion stings you.
You closely miss the scorpion. You barely miss the orc.
You feel sick.
The kobold shouts!
The scorpion stings you.
You closely miss the scorpion. You hit the orc but do no damage.
You hit the orc.
You feel sick. The scorpion completely misses you. The orc closely misses you.
The orc hits you with a +0 scimitar!
You barely miss the scorpion.
You tail-slap the scorpion, but do no damage.
You closely miss the orc. You hit the orc but do no damage.
You feel sick. The scorpion closely misses you.
The orc hits you with a +0 scimitar!
* * * LOW HITPOINT WARNING * * *
The orc closely misses you.
The scorpion stings you but does no damage.
You hit the scorpion.
The scorpion is moderately wounded.
You barely miss the orc. You hit the orc but do no damage.
You feel sick. The orc hits you with a +0 hand axe.
* * * LOW HITPOINT WARNING * * *
The orc closely misses you. The scorpion barely misses you.
You hit the scorpion.
The scorpion is heavily wounded.
You hit the orc but do no damage. You hit the orc.
You feel sick.
You are no longer poisoned.
The orc hits you with a +0 scimitar.
* * * LOW HITPOINT WARNING * * *
The orc hits you with a +0 hand axe.
You die...

## ..# ..##
#... #.#.#### #
#|.$...#
.####...#######
#..(##oo......#
#.#..#@#......#
#..#.#s#.†....#
#...oo#))....#
###.###..)...#
...# #......#
#.#### #......#
# ###.<### #..#
#..#


You could see a scorpion and 4 orcs.

Vanquished Creatures
  Sigmund (D:3)
  An iguana (D:3)
  5 adders
  A gnoll (D:1)
  A worm (D:2)
  3 dart slugs
  6 orcs
  4 bats
  6 endoplasms
  5 giant cockroaches
  7 goblins
  10 hobgoblins
  3 quokkas
  6 ball pythons
  5 frilled lizards
  14 kobolds
  6 rats
84 creatures vanquished.

Notes
Turn   | Place    | Note
-------+----------+-------------------------------------------
     0 | D:1      | Curundu the Draconian Berserker began the quest for the
                  | Orb.
     0 | D:1      | Reached XP level 1. HP: 19/19 MP: 1/1
    91 | D:1      | Reached XP level 2. HP: 24/26 MP: 2/2
   118 | D:1      | Found a faded altar of an unknown god.
   755 | D:1      | Reached ** piety under Trog
   896 | D:1      | Reached XP level 3. HP: 33/33 MP: 3/3
  1465 | D:2      | Reached skill level 4 in Axes
  1535 | D:2      | Reached XP level 4. HP: 20/40 MP: 4/4
  2450 | D:3      | Reached skill level 1 in Stealth
  2450 | D:3      | Reached XP level 5. HP: 17/46 MP: 5/5
  2622 | D:3      | Noticed Sigmund
  2626 | D:3      | Reached *** piety under Trog
  2635 | D:3      | Killed Sigmund
  2636 | D:3      | Reached skill level 5 in Axes
  2636 | D:3      | Reached XP level 6. HP: 16/53 MP: 6/6
  2846 | D:3      | Found a bloodstained altar of Trog.
  2999 | D:3      | Found a blossoming altar of Fedhas.
  3498 | D:4      | HP: 1/53 [orc/+0 scimitar (5)]
  3498 | D:4      | Slain by an orc

Illustrated notes

Levels and vault maps discovered:
D:1:      psy_arrival_whirlpool, layout_basic,
          dreamdust_ecumenical_altar_statues
D:2:      layout_loops_ring, minmay_joined_circles
D:3:      layout_rooms, mainiacjoe_overflow_brackets, lemuel_tele_altar,
          nicolae_concentric_dashed_squares_wild, uniq_sigmund
D:4:      layout_rooms, lemuel_round_altar, kennysheep_mini_moat,
          nicolae_overflow_crystal_walls, minmay_bent

Skill      XL: |  1  2  3  4  5  6 |
---------------+-------------------+-----
Dodging        | 3 4 |  4.0
Axes           | 4 5 |  5.3
Fighting       | 4 |  4.4
Stealth        | 1 |  1.6

Action                     |  1- 3 |  4- 6 || total
---------------------------+-------+-------++-------
  Melee: Hand axe          |   146 |   123 ||   269
         Tailslap          |     8 |    12 ||    20
         Punch             |       |     1 ||     1
    Use: Scroll            |       |     6 ||     6
         Potion            |       |     1 ||     1
   Stab: Sleeping          |     3 |     1 ||     4
 Armour: Skin              |    81 |    62 ||   143
  Dodge: Dodged            |   113 |   108 ||   221

Table legend: (Time is in decaauts)
 A = Elapsed time spent in this place.
 B = Non-inter-level travel time spent in this place.
 C = Inter-level travel time spent in this place.
 D = Time resting spent in this place.
 E = Time spent auto-exploring this place.
 F = Levels seen in this place.
 G = Mean time per level.
                   A        B        C        D        E       F      G
               +--------+--------+--------+--------+--------+-----+--------+
         Total |   3536 |   3536 |      0 |    568 |      0 |   4 |  884.0 |
       Dungeon |   3536 |   3536 |      0 |    568 |      0 |   4 |  884.0 |
               +--------+--------+--------+--------+--------+-----+--------+

Top non-repeatable levels by time:
     D:1: 1316 daAuts
     D:2: 1090 daAuts
     D:3: 1064 daAuts
     D:4: 64 daAuts
